 Dungeon Crawl Stone Soup version 0.29.1-15-g9cfb28693d (webtiles) character file.

Game seed: 13516016029634546805

95 Eitelfritz the Chopper (level 4, -21/40 HPs)
             Began as a Hill Orc Fighter on Apr 1, 2023.
             Killed from afar by Grinder (22 damage)
             ... with a bolt of light
             ... on level 3 of the Dungeon on Apr 8, 2023.
             The game lasted 00:04:15 (2353 turns).

Eitelfritz the Chopper (Hill Orc Fighter)           Turns: 2353, Time: 00:04:15

Health: -21/40     AC:  7    Str: 20    XL:     4   Next: 65%
Magic:  4/4        EV:  9    Int:  8    God:
Gold:   72         SH:  0    Dex: 10    Spells: 3/3 levels left

rFire   . . .      SeeInvis .   a - +0 war axe
rCold   . . .      Faith    .   c - +0 buckler
rNeg    . . .      Spirit   .   o - +0 scale mail
rPois   .          Reflect  .   (no helmet)
rElec   .          Harm     .   (no cloak)
rCorr   .          Rampage  .   (no gloves)
Will    .....                   (no boots)
Stlth   ..........              (no amulet)
HPRegen 0.13/turn               (no ring)
MPRegen 0.09/turn               (no ring)

@: confused, mighty
A: no striking features
a: no special abilities


You were on level 3 of the Dungeon.
You visited 1 branch of the dungeon, and saw 3 of its levels.

You collected 72 gold pieces.

Inventory:

Hand Weapons
 a - a +0 war axe (weapon)
 b - a +0 sling
Armour
 c - a +0 buckler (worn)
 k - a +0 kite shield
 o - a +0 scale mail (worn)
Jewellery
 h - a ring of fire
Scrolls
 f - a scroll of enchant weapon {unknown}
 g - 2 scrolls of amnesia {unknown}
 j - 4 scrolls of identify {unknown}
 m - a scroll of poison {unknown}
 n - a scroll of silence {unknown}
 p - a scroll of torment {unknown}
Potions
 e - 3 potions of heal wounds {unknown}
 i - a potion of haste {unknown}
 l - a potion of brilliance {unknown}
 q - a potion of degeneration {unknown}
 r - a potion of curing {unknown}
 s - 2 potions of mutation {unknown}
 t - 2 potions of lignification {unknown}


   Skills:
 + Level 4.1 Fighting
 + Level 4.5 Axes
 + Level 0.1 Ranged Weapons
 + Level 3.9 Armour
 + Level 0.5 Dodging
 + Level 3.6 Shields


You had 3 spell levels left.
You didn't know any spells.
Your spell library was empty.

Dungeon Overview and Level Annotations

Branches:
Dungeon (3/15)

Altars:

Annotations:
D:3 Grinder


Message History

Grinder shouts!
Grinder is nearby!
Grinder barely misses you.
You hit Grinder.
Grinder is lightly wounded.
Grinder zaps a wand.
The bolt of light hits you!
You hit Grinder.
Grinder is lightly wounded.
Grinder blinks!
Grinder says, "Tell me all your secrets, or I'll kill you."
Grinder blinks!
Grinder says, "Mostly I couldn't keep them alive."
Grinder gestures at you. You resist with significant effort.
Grinder blinks!
Grinder blinks!
You start resting.
Grinder is nearby!
Grinder zaps a wand.
The bolt of light hits you!
You closely miss Grinder.
Grinder is lightly wounded.
Grinder gestures at you.
You barely resist. Grinder hits you.
You writhe in agony.
You closely miss Grinder.
Grinder is lightly wounded.
Grinder hits you!
* * * LOW HITPOINT WARNING * * *
You slash Grinder!
Grinder is moderately wounded.
Grinder hits you.
* * * LOW HITPOINT WARNING * * *
You writhe in agony.
* * * LOW HITPOINT WARNING * * *
Unknown command.
You feel very mighty all of a sudden.
Grinder blinks!
Grinder zaps a wand.
The bolt of light hits you!!
You are confused.
Ouch! That really hurt!
You die...

#.# #.#####.# ......#
#.......# #..##.# #.#
#..##.# #.# ######..##.#
#.# #...........
##5#####.#####.##.#
###...............#.#
#...@####.###.##...†.
....##..####........##.#
#..###.......###.#####.#
.# .......†..# #.# #.#
##....##### #.# #.#
#..... ... ##.# #......
..# #... ##.##.## ####
#.#. # #...


You could see Grinder.

Vanquished Creatures
  Jessica (D:2)
  2 adders
  A dart slug (D:2)
  2 endoplasms (D:1)
  2 giant cockroaches
  6 hobgoblins
  5 jackals
  4 kobolds
  2 ball pythons
  7 bats
  5 frilled lizards
  8 goblins
  3 rats
48 creatures vanquished.

Vanquished Creatures (others)
  3 fungi (D:1)
3 creatures vanquished.

Grand Total: 51 creatures vanquished

Notes
Turn   | Place    | Note
-------+----------+-------------------------------------------
     0 | D:1      | Eitelfritz the Hill Orc Fighter began the quest for the
                  | Orb.
     0 | D:1      | Reached XP level 1. HP: 19/19 MP: 1/1
   248 | D:1      | Reached XP level 2. HP: 19/27 MP: 2/2
   535 | D:1      | Found a faded altar of an unknown god.
   899 | D:1      | Reached XP level 3. HP: 33/33 MP: 3/3
  1096 | D:1      | You fall into a shaft and drop 1 floor!
  1579 | D:2      | Noticed Jessica
  1584 | D:2      | Killed Jessica
  1585 | D:2      | Reached XP level 4. HP: 28/40 MP: 4/4
  2329 | D:3      | Noticed Grinder
  2351 | D:3      | HP: 1/40 [Grinder (2)]
  2353 | D:3      | Killed from afar by Grinder

Illustrated notes

Levels and vault maps discovered:
D:1:      minmay_arrival_checkered_box, layout_basic,
          shapermc_ecumenical_altar_gd
D:2:      layout_basic, minmay_strange_pillars, kennysheep_big_empty_room,
          minmay_misc_feat_x, ebering_dispersal_statue_hall, uniq_jessica
D:3:      minmay_roachtagon, layout_loops_ring,
          nemelex_xobeh_ov_fountains_minmay, minmay_misc_feat_encased,
          uniq_grinder

Skill      XL: |  1  2  3 |
---------------+----------+-----
Axes           | 3 4 |  4.5
Fighting       | 4 |  4.1
Ranged Weapons | |  0.1
Armour         | |  3.9
Dodging        | |  0.5
Shields        | |  3.6

Action                   |  1- 3 |  4- 6 || total
-------------------------+-------+-------++-------
Melee: War axe           |   110 |    23 ||   133
 Fire: Sling             |     5 |     3 ||     8
  Use: Potion            |       |     1 ||     1
Armor: Scale mail        |    63 |     9 ||    72
Dodge: Dodged            |    65 |    10 ||    75
Block: Buckler           |    38 |     2 ||    40
